AoeStats
← |GaoeG| flamingo

Arena

508937714Analyzed
4v4 RM · 7d ago on Sep 24, 2026· 18m 9s· 8 players
Game mode
Random Map
Map size
Large (8 player)
Population
200
Speed
Normal
Resources
Standard
Victory
Conquest
Starting age
Dark Age
Ending age
Imperial Age
RankedLock teamsTeams togetherTeam positionsShared explorationLock speedFull tech treeHidden civsTurbo modeCheats
Victory
Defeat
🇨🇿 Aztecs · Czechia
1449
+13
🇪🇸 Japanese · Spain
1320
+18
🇺🇸 Celts · United States
1302
+19
🇪🇸 Vikings · Spain
1232
+20
🇪🇸 Huns · Spain
1384
-19
🇻🇳 Poles · Vietnam
1378
-18
🇧🇩 Portuguese · Bangladesh
1356
-17
🇩🇪 Mapuche · Germany
1327
-16
Monkey D Luffy
9:41 Feudal Age
11:33 Wheelbarrow
15:37 Castle Age
mad Iltis
11:20 Feudal Age
12:10 Double-Bit Axe
12:10 Horse Collar
14:59 Castle Age
13:19 Padded Archer Armor
Gunslinger
10:59 Feudal Age
11:55 Double-Bit Axe
15:10 Castle Age
16:30 Bow Saw
Melodies of Life
6:02 Loom
10:25 Feudal Age
14:40 Castle Age
13:48 Double-Bit Axe
13:44 Horse Collar
16:02 Wheelbarrow
16:22 Bow Saw
Bananaman651
9:17 Feudal Age
9:57 Loom
12:49 Castle Age
11:24 Double-Bit Axe
|GaoeG| Tifus
8:59 Loom
9:42 Loom
11:27 Feudal Age
14:06 Horse Collar
16:32 Castle Age
14:50 Double-Bit Axe
18:23 Wheelbarrow
18:22 Bow Saw
18:16 Heavy Plow
|GaoeG| flamingo
10:16 Feudal Age
14:02 Castle Age
13:18 Double-Bit Axe
13:15 Horse Collar
14:58 Bow Saw
16:14 Heavy Plow
Rhythm_
10:57 Feudal Age
14:37 Castle Age
12:42 Horse Collar
13:36 Double-Bit Axe
16:40 Bow Saw
Connection lost

Rejoining the realm…

Still unreachable

The connection could not be restored.

Session expired

The server has moved on; the page needs a fresh start.